 Dungeon Crawl Stone Soup version 0.18.1-50-g88ac8fd (webtiles) character file.

80990 KarmaPolice the Unseen (level 15, -10/100 HPs)
             Began as a Vampire Enchanter on Sept 27, 2016.
             Was the Champion of Kikubaaqudgha.
             Mangled by an entropy weaver (15 damage)
             ... on level 2 of the Spider Nest.
             The game lasted 02:23:09 (35150 turns).

KarmaPolice the Unseen (Vampire Enchanter)         Turns: 35150, Time: 02:23:10

Health: -10/100    AC:  1    Str: 15    XL:     15   Next: 25%
Magic:  39/39      EV: 12    Int: 22    God:    Kikubaaqudgha [******]
Gold:   1920       SH:  0    Dex: 18    Spells: 10 memorised, 4 levels left

rFire  + . .     SeeInvis +     w - +2 dagger (drain)
rCold  + + .     Gourm    .     C - +1 leather armour "Xuliusch" {rF+ Str+4}
rNeg   + + +     Faith    .     (no shield)
rPois  +         Spirit   .     (no helmet)
rElec  .         Dismiss  .     D - +0 cloak
rCorr  .         Reflect  .     p - +0 pair of gloves {Str+3}
SustAt .         Harm     .     y - +1 pair of boots of Indemnity {Dex+2}
MR     ++...                    J - amulet of magic regeneration
Stlth  +++.......               v - ring of magical power
                                Q - ring of protection from magic

@: confused, corroded, regenerating slowly, very resistant to hostile
enchantments, fairly stealthy
A: fangs 3, see invisible, unbreathing
a: Bat Form, Receive Corpses, Torment, Brand Weapon With Pain, Receive
Necronomicon, Renounce Religion


You were on level 2 of the Spider Nest.
You worshipped Kikubaaqudgha.
Kikubaaqudgha was exalted by your worship.
You were near bloodless.

You visited 5 branches of the dungeon, and saw 25 of its levels.
You also visited: Labyrinth.

You collected 2537 gold pieces.
You spent 617 gold pieces at shops.

Inventory:

Hand Weapons
 w - a +2 dagger of draining (weapon)
 V - a +3 dagger of venom
Armour
 p - a +0 pair of gloves of strength (worn)
 y - the +1 pair of boots of Indemnity (worn) {Dex+2}
   (You bought it in a shop on level 2 of the Orcish Mines)

   It affects your dexterity (+2).
 C - the +1 leather armour "Xuliusch" (worn) {rF+ Str+4}
   (You found it on level 5 of the Dungeon)

   It affects your strength (+4).
   It protects you from fire.
 D - a +0 cloak (worn)
 G - a +2 robe of magic resistance
 U - a +2 leather armour of cold resistance
Jewellery
 g - an uncursed ring of fire
 v - a ring of magical power (right hand)
 J - an amulet of magic regeneration (around neck)
 Q - a ring of protection from magic (left hand)
Wands
 b - a wand of lightning (9/15)
 t - a wand of digging (13/24)
 z - a wand of lightning (6/15)
Scrolls
 h - 2 scrolls of identify
 i - 6 scrolls of teleportation
 l - 3 scrolls of recharging
 o - 14 scrolls of remove curse
 E - 2 scrolls of blinking
 F - 5 scrolls of magic mapping
 H - 3 scrolls of fog
 K - 2 scrolls of fear
 L - a scroll of enchant armour
 N - a scroll of silence
 P - a scroll of acquirement {unknown}
 R - 4 scrolls of amnesia
 W - 2 scrolls of enchant weapon {unknown}
Potions
 a - 3 potions of resistance
 d - 4 potions of blood
 e - 7 potions of degeneration {unknown}
 f - 5 potions of berserk rage {unknown}
 j - a potion of brilliance {unknown}
 k - 6 potions of cancellation {unknown}
 m - 7 potions of curing {unknown}
 n - a potion of heal wounds
 q - 4 potions of haste {unknown}
 r - 5 potions of flight
 s - a potion of might {unknown}
 u - 2 potions of agility {unknown}
 A - 9 potions of lignification {unknown}
 B - a potion of invisibility {unknown}
 M - 3 potions of mutation {unknown}
 S - a potion of magic {unknown}
 T - 3 potions of cure mutation {unknown}
Books
 c - a book of Maledictions

   Spells                             Type                      Level
   a - Corona                         Hexes                        1
   b - Ensorcelled Hibernation        Hexes/Ice                    2
   c - Confuse                        Hexes                        3
   d - Tukima's Dance                 Hexes                        3
   e - Dazzling Spray                 Conjuration/Hexes            3
 x - the Compendium of Malediction
   (You found it in a labyrinth)

   Spells                             Type                      Level
   a - Ensorcelled Hibernation        Hexes/Ice                    2
   b - Gell's Gravitas                Hexes/Translocation          3
   c - Inner Flame                    Hexes/Fire                   3
   d - Fulminant Prism                Conjuration/Hexes            4
   e - Cause Fear                     Hexes                        4
 I - Kikubaaqudgha's Reference Book on Stolen Souls
   (Kikubaaqudgha gifted it to you on level 6 of the Dungeon)

   Spells                             Type                      Level
   a - Animate Skeleton               Necromancy                   1
   b - Corpse Rot                     Necromancy                   2
   c - Sublimation of Blood           Necromancy                   2
   d - Regeneration                   Charms/Necromancy            3
   e - Control Undead                 Necromancy                   4
 O - Kikubaaqudgha's Guide on Evil Secrets
   (Kikubaaqudgha gifted it to you on level 10 of the Dungeon)

   Spells                             Type                      Level
   a - Agony                          Necromancy                   5
   b - Cigotuvi's Embrace             Necromancy                   5
   c - Dispel Undead                  Necromancy                   5
   d - Simulacrum                     Ice/Necromancy               6
   e - Death Channel                  Necromancy                   6
 X - a book of Death

   Spells                             Type                      Level
   a - Corpse Rot                     Necromancy                   2
   b - Sublimation of Blood           Necromancy                   2
   c - Agony                          Necromancy                   5
   d - Dispel Undead                  Necromancy                   5
   e - Excruciating Wounds            Charms/Necromancy            5
   f - Bolt of Draining               Conjuration/Necromancy       5
 Y - the Handbook of Supportive Arcane Weapons
   (You found it on level 8 of the Lair of Beasts)

   Spells                             Type                      Level
   a - Flame Tongue                   Conjuration/Fire             1
   b - Recall                         Summoning/Translocation      3
   c - Iskenderun's Mystic Blast      Conjuration                  4
   d - Fireball                       Conjuration/Fire             5
   e - Summon Forest                  Summoning/Translocation      5
   f - Spellforged Servitor           Conjuration/Summoning        7
 Z - a book of Unlife

   Spells                             Type                      Level
   a - Recall                         Summoning/Translocation      3
   b - Animate Dead                   Necromancy                   4
   c - Control Undead                 Necromancy                   4
   d - Cigotuvi's Embrace             Necromancy                   5
   e - Death Channel                  Necromancy                   6
   f - Simulacrum                     Ice/Necromancy               6


   Skills:
 - Level 4.2 Fighting
 - Level 10.1 Short Blades
 - Level 4.0 Armour
 - Level 2.1 Dodging
 + Level 18.3 Stealth
 + Level 11.0 Spellcasting
 - Level 4.0 Conjurations
 + Level 16.9 Hexes
 + Level 12.3 Necromancy
 - Level 6.0 Ice Magic


You had 4 spell levels left.
You knew the following spells:

 Your Spells              Type           Power        Failure   Level  Hunger
a - Corona                Hex            ######.      0%          1    None
b - Ensorcelled Hibernat  Hex/Ice        ######       1%          2    None
c - Confuse               Hex            ######..     1%          3    None
d - Tukima's Dance        Hex            ######..     1%          3    None
e - Dazzling Spray        Conj/Hex       ######       1%          3    None
f - Blink                 Tloc           N/A          12%         2    None
g - Invisibility          Hex            ######..     1%          6    ######.
h - Corpse Rot            Necr           N/A          1%          2    None
i - Dispel Undead         Necr           ######..     1%          5    ####...
j - Bolt of Draining      Conj/Necr      #####.....   10%         5    ####...


Dungeon Overview and Level Annotations

Branches:
Dungeon (12/15)            Temple (0/1) D:5            Lair (8/8) D:10
 Shoals (1/4) Lair:3       Spider (2/4) Lair:5        Slime (0/6) Lair:8
    Orc (2/2) D:9             Elf (0/3) Orc:2

Altars:
Dithmenos
Elyvilon
Fedhas
Gozag
Kikubaaqudgha
Makhleb
Nemelex Xobeh
Pakellas
Xom
The Shining One
Beogh

Shops:
D:4 *   D:6 ([   D:7 *   Orc:2 [(**

Portals:
Hell: Lair:8

Annotations:
Lair:3 Gastronok


Innate Abilities, Weirdness & Mutations

You heal slowly.
You have razor-sharp teeth.
You have supernaturally acute eyesight.
You can survive without breathing.


Message History

The entropic weave corrodes you!
A redback comes into view.
The jumping spider leaps!
The tarantella bites you. The redback barely misses you.
You are caught in the web!
A demonic crawler comes into view.
The redback bites you!
The entropy weaver casts a spell.
The entropic weave corrodes you!
There is a web here.
You disentangle yourself.
The demonic crawler gives a hideous shriek!
The tarantella bites you. The redback bites you.
The jumping spider leaps!
The tarantella bites you. The redback bites you!
* * * LOW HITPOINT WARNING * * *
The redback misses you. The entropy weaver hits you!
* * * LOW HITPOINT WARNING * * *
The entropy weaver hits you!
You die...
Kikubaaqudgha rasps: "You have failed me!
Welcome... oblivion!"

..s .....##
..........
..≈#..... ..
##≈.....###
..##....s....#
.....$..#ps..###
.......§p....≈≈#
..[......@...≈#
.........ss..##
.......<..#..#
...........##≈#
.........s....#
...............#
....#.#......#.≈#
..........#≈#≈≈≈#
..............≈≈#


You could see 2 entropy weavers, a demonic crawler, a jumping spider, 2
tarantellas and 2 redbacks.

Vanquished Creatures
  2 orc warlords
  The ghost of nikopol the Peltast, a journeyman MiBe of Trog (Lair:7)
  A dire elephant (Lair:8)
  The ghost of Elystan the Blocker, a journeyman FoFi of Okawaru (Orc:2)
  The ghost of Duraxyll the Fighter, a journeyman GrBe of Trog (Orc:2)
  A minotaur (Lab)
  Erolcha (D:8)
  2 entropy weavers (Spider:1)
  6 hydras
  An orc high priest (Orc:2)
  A deep elf knight (Orc:2)
  The ghost of shugdite the Poker, a novice MiFi of Okawaru (D:7)
  A fire crab (Lair:8)
  A sea snake (Lair:3)
  Pikel (D:7)
  An unseen horror (D:12)
  A hill giant (D:10)
  An orc knight (Orc:2)
  3 griffons
  A wizard (Lair:8)
  9 wolf spiders (Spider:1)
  An orb spider (Spider:1)
  4 orc sorcerers (Orc:2)
  A cyclops (D:11)
  A manticore (D:11)
  A moth of wrath (Spider:1)
  A sixfirhy (Lair:8)
  Joseph (D:8)
  Maurice (Orc:1)
  Psyche (D:8)
  6 elephants (Lair:7)
  A smoke demon (Lair:8)
  4 black mambas
  5 orange demons (Lair:8)
  17 spiny frogs
  6 rime drakes
  2 demonic crawlers (Spider:1)
  10 komodo dragons
  2 kobold demonologists (D:12)
  A red devil (Lair:8)
  A hellwing (Lair:8)
  4 ice devils (Lair:8)
  6 trolls
  3 slime creatures (Lair:8)
  10 jumping spiders
  19 blink frogs
  A two-headed ogre (D:8)
  3 polar bears (Lair:7)
  A minotaur skeleton (Lab)
  7 boulder beetles
  2 dancing weapons
  A wyvern (Lair:2)
  A vampire (D:10)
  8 redbacks
  3 tarantellas (Spider:1)
  57 yaks
  6 basilisks
  12 hippogriffs
  3 vampire mosquitoes (D:12)
  3 wargs (D:9)
  3 hungry ghosts
  A mottled dragon (D:8)
  Duvessa (D:4)
  13 porcupines
  11 water moccasins
  A slave (D:7)
  2 phantoms (D:9)
  11 ice beasts
  5 sky beasts
  33 orc warriors
  4 black bears
  A wasp (D:12)
  8 ogres
  4 wolves
  3 centaurs
  11 crocodiles
  3 big kobolds
  21 giant frogs
  Dowan (D:4)
  4 scorpions
  8 killer bees (D:9)
  2 wights (D:11)
  A troll skeleton (Lab)
  8 electric eels
  A howler monkey (D:7)
  A spriggan skeleton (Lab)
  A giant frog zombie (D:9)
  2 centaur zombies
  8 hounds
  A giant frog skeleton (D:11)
  2 jellies
  A centaur skeleton (Lab)
  16 orc priests
  14 orc wizards
  7 iguanas
  9 worker ants
  2 hell rats
  10 sheep
  An ogre skeleton (Lab)
  Robin (D:3)
  A howler monkey zombie (D:11)
  3 gnolls (D:6)
  72 river rats
  6 adders
  7 shadow imps
  An ooze (D:1)
  An adder skeleton (D:4)
  An adder zombie (D:10)
  3 worms
  6 giant geckos
  91 orcs
  8 giant cockroaches
  24 goblins
  13 hobgoblins
  14 jackals
  14 kobolds
  10 quokkas
  2 ball pythons
  10 bats
  4 giant newts
  A jackal zombie (D:5)
  8 rats
  5 fungi
  2 plants (Lair:8)
799 creatures vanquished.

Vanquished Creatures (collateral kills)
  An orc knight (Orc:1)
  An orc sorcerer (Orc:2)
  A two-headed ogre (D:9)
  Grum (Lair:1)
  An orc warrior (Orc:2)
  2 ogres
  A wight (D:11)
  An orc priest (Orc:2)
  A river rat (Lair:1)
  3 orcs (Orc:2)
13 creatures vanquished.

Vanquished Creatures (others)
  A dancing weapon (Orc:2)
  A wasp (D:6)
  A hound (D:7)
  An orc (Orc:2)
  3 goblins (D:7)
  22 fungi
  6 plants (Lair:8)
35 creatures vanquished.

Grand Total: 847 creatures vanquished

Notes
Turn   | Place    | Note
--------------------------------------------------------------
     0 | D:1      | KarmaPolice the Vampire Enchanter began the quest for the Orb.
     0 | D:1      | Reached XP level 1. HP: 13/13 MP: 3/3
   366 | D:1      | Reached XP level 2. HP: 15/19 MP: 5/5
   370 | D:1      | Learned a level 2 spell: Ensorcelled Hibernation
   812 | D:1      | Reached XP level 3. HP: 15/24 MP: 1/6
  1438 | D:2      | Reached skill level 5 in Stealth
  1855 | D:2      | Found a burning altar of Makhleb.
  1855 | D:2      | Found a shadowy altar of Dithmenos.
  2182 | D:2      | Reached XP level 4. HP: 30/30 MP: 0/8
  2740 | D:3      | Found a sparkling altar of Nemelex Xobeh.
  3215 | D:3      | Reached skill level 5 in Hexes
  3372 | D:3      | Reached skill level 6 in Stealth
  3603 | D:3      | Noticed Robin
  3617 | D:3      | Killed Robin
  3707 | D:3      | Reached XP level 5. HP: 33/35 MP: 7/9
  3712 | D:3      | Learned a level 3 spell: Confuse
  3716 | D:3      | Learned a level 3 spell: Tukima's Dance
  3773 | D:4      | Found Gozag's Platinum Reserve.
  3778 | D:4      | Found an opulent altar of Gozag.
  3791 | D:4      | Found a sparkling altar of Nemelex Xobeh.
  3896 | D:4      | Found an ancient bone altar of Kikubaaqudgha.
  3909 | D:4      | Noticed Duvessa
  3910 | D:4      | Noticed Dowan
  3928 | D:4      | Killed Dowan
  3985 | D:4      | Killed Duvessa
  3985 | D:4      | Reached XP level 6. HP: 35/41 MP: 7/11
  4087 | D:4      | Found an oddly glowing altar of Pakellas.
  4354 | D:4      | Became a worshipper of Kikubaaqudgha
  4588 | D:4      | Reached skill level 7 in Stealth
  5410 | D:5      | Entered Level 5 of the Dungeon
  5412 | D:5      | Noticed a sky beast
  5420 | D:5      | Killed a sky beast
  5420 | D:5      | Reached XP level 7. HP: 46/46 MP: 10/13
  5535 | D:5      | Reached skill level 8 in Stealth
  5535 | D:5      | Reached skill level 1 in Ice Magic
  5898 | D:5      | Found a staircase to the Ecumenical Temple.
  5917 | D:5      | Reached XP level 8. HP: 52/52 MP: 9/14
  5925 | D:5      | Got a slimy leather armour
  5945 | D:5      | Identified the +1 leather armour "Xuliusch" {rF+ Str+4} (You found it on level 5 of the Dungeon)
  6203 | D:6      | Found Kyq Zeutt's Armour Boutique.
  6269 | D:6      | Reached skill level 1 in Armour
  6325 | D:6      | Found an oddly glowing altar of Pakellas.
  6325 | D:6      | Noticed an orange crystal statue
  6373 | D:6      | Reached skill level 5 in Spellcasting
  6450 | D:6      | Found Desuts's Antique Weapon Shop.
  6553 | D:6      | Reached * piety under Kikubaaqudgha
  6553 | D:6      | Received a gift from Kikubaaqudgha
  6554 | D:6      | Identified Kikubaaqudgha's Reference Book on Stolen Souls (Kikubaaqudgha gifted it to you on level 6 of the Dungeon)
  6561 | D:6      | Learned a level 3 spell: Dazzling Spray
  6807 | D:6      | Found Zuifivi's Magic Scroll Emporium.
  6934 | D:7      | Noticed shugdite's ghost (novice MiFi)
  6983 | D:7      | Found a blossoming altar of Fedhas.
  7152 | D:7      | Found a white marble altar of Elyvilon.
  7192 | D:7      | Reached XP level 9. HP: 53/57 MP: 8/17
  7238 | D:7      | Found Quridiso's Assorted Antiques.
  7246 | D:7      | Bought a scroll of identify for 60 gold pieces
  7378 | D:7      | Noticed Pikel
  7400 | D:7      | Killed Pikel
  7432 | D:7      | Found a flagged portal.
  7660 | D:7      | Reached skill level 5 in Ice Magic
  8035 | D:8      | Noticed Psyche
  8061 | D:8      | Killed Psyche
  8061 | D:8      | Reached skill level 10 in Hexes
  8617 | D:8      | Noticed Joseph
  8628 | D:8      | Killed Joseph
  8628 | D:8      | Reached XP level 10. HP: 39/63 MP: 17/20
  8864 | D:8      | Noticed Erolcha
  9268 | D:7      | Killed shugdite's ghost
  9268 | D:7      | Reached skill level 5 in Short Blades
  9268 | D:7      | Reached skill level 1 in Necromancy
  9668 | D:8      | Killed Erolcha
  9772 | D:9      | Found a glowing golden altar of the Shining One.
 10156 | D:9      | Reached ** piety under Kikubaaqudgha
 10322 | D:9      | Found a staircase to the Orcish Mines.
 10696 | D:9      | Reached skill level 9 in Stealth
 10854 | D:10     | Entered Level 10 of the Dungeon
 11189 | D:10     | Found a staircase to the Lair.
 11213 | D:10     | Reached *** piety under Kikubaaqudgha
 11213 | D:10     | Received a gift from Kikubaaqudgha
 11214 | D:10     | Identified Kikubaaqudgha's Guide on Evil Secrets (Kikubaaqudgha gifted it to you on level 10 of the Dungeon)
 11282 | D:10     | Reached XP level 11. HP: 61/68 MP: 13/23
 11745 | D:10     | Noticed a hill giant
 11785 | D:10     | Reached skill level 10 in Stealth
 11848 | D:10     | Killed a hill giant
 11907 | D:10     | Noticed a five-headed hydra
 11928 | D:10     | Killed a five-headed hydra
 12087 | D:11     | Noticed a five-headed hydra
 12092 | D:11     | Killed a five-headed hydra
 12470 | D:11     | Reached **** piety under Kikubaaqudgha
 12470 | D:11     | Reached skill level 11 in Stealth
 12584 | D:11     | Found a shimmering altar of Xom.
 13095 | D:12     | Noticed an unseen horror
 13097 | D:12     | Killed an unseen horror
 13650 | D:12     | Reached skill level 5 in Necromancy
 13763 | D:12     | Found a blossoming altar of Fedhas.
 13956 | Lair:1   | Entered Level 1 of the Lair of Beasts
 13982 | Lair:1   | Noticed Grum
 13997 | Lair:1   | Killed Grum
 14275 | Lair:1   | Reached XP level 12. HP: 61/74 MP: 25/25
 14339 | Lair:1   | Learned a level 2 spell: Blink
 14452 | Lair:1   | Reached skill level 12 in Stealth
 15859 | Lair:2   | Reached ***** piety under Kikubaaqudgha
 16666 | Lair:3   | Noticed Gastronok
 16782 | Lair:3   | Reached skill level 10 in Spellcasting
 17174 | Lair:3   | Reached skill level 13 in Stealth
 17196 | Lair:3   | Found a staircase to the Shoals.
 17459 | Lair:4   | Reached skill level 1 in Fighting
 17577 | Lair:4   | Reached skill level 15 in Hexes
 18070 | Lair:4   | Learned a level 6 spell: Invisibility
 18073 | Lair:4   | Learned a level 2 spell: Corpse Rot
 18150 | Lair:4   | Noticed a six-headed hydra
 18158 | Lair:4   | Killed a six-headed hydra
 18431 | Lair:4   | Reached skill level 14 in Stealth
 18431 | Lair:4   | Reached XP level 13. HP: 85/85 MP: 12/27
 18990 | Lair:5   | Found a hole to the Spider Nest.
 19112 | Lair:5   | Found a frozen archway.
 19534 | Lair:5   | Learned a level 5 spell: Dispel Undead
 20777 | Lair:6   | Reached ****** piety under Kikubaaqudgha
 20955 | Lair:7   | Reached skill level 15 in Stealth
 21328 | Lair:7   | Noticed nikopol's ghost (journeyman MiBe)
 21400 | Lair:7   | Killed nikopol's ghost
 21691 | Lair:7   | Reached skill level 1 in Conjurations
 21916 | Lair:8   | Entered Level 8 of the Lair of Beasts
 21926 | Lair:8   | Reached skill level 10 in Necromancy
 21987 | Lair:8   | Found a staircase to the Slime Pits.
 22510 | Lair:8   | Learned a level 5 spell: Bolt of Draining
 22775 | Lair:8   | Reached XP level 14. HP: 95/95 MP: 27/28
 22810 | Lair:8   | Reached skill level 16 in Stealth
 24709 | Lair:8   | Found a burning altar of Makhleb.
 24724 | Lair:8   | Found a gateway to Hell.
 25149 | Lair:8   | Reached skill level 10 in Short Blades
 26189 | Lair:8   | Identified the Handbook of Supportive Arcane Weapons
 26555 | Shoals:1 | Entered Level 1 of the Shoals
 26757 | Orc:1    | Entered Level 1 of the Orcish Mines
 26757 | Orc:1    | Noticed an orc warlord
 26770 | Orc:1    | HP: 4/95 [orc warlord/long sword (28)]
 26770 | Orc:1    | HP: 1/95 [orc/club (3)]
 27722 | D:9      | Reached skill level 17 in Stealth
 28049 | D:9      | Killed an orc warlord
 28868 | Orc:1    | Found a roughly hewn altar of Beogh.
 28986 | Orc:2    | Entered Level 2 of the Orcish Mines
 29019 | Orc:2    | Found a roughly hewn altar of Beogh.
 29022 | Orc:2    | Found Tileil's Assorted Antiques.
 29071 | Orc:2    | Bought a scroll of identify for 52 gold pieces
 29071 | Orc:2    | Bought a scroll of identify for 52 gold pieces
 29091 | Orc:2    | Found a labyrinth entrance.
 29101 | Lab      | Entered a labyrinth
 30050 | Lab      | Identified the Compendium of Malediction
 30297 | Orc:2    | Found a roughly hewn altar of Beogh.
 30298 | Orc:2    | Found Omeosop's Assorted Antiques.
 30347 | Orc:2    | Bought a scroll of identify for 56 gold pieces
 30347 | Orc:2    | Bought a glowing rapier for 112 gold pieces
 30430 | Orc:2    | Found a staircase to the Elven Halls.
 30439 | Orc:2    | Noticed Duraxyll's ghost (journeyman GrBe)
 30481 | Orc:2    | Killed Duraxyll's ghost
 30696 | Orc:2    | Noticed an orc warlord
 31464 | Orc:1    | Noticed Maurice
 31493 | Orc:1    | Killed Maurice
 31628 | Orc:2    | Noticed Elystan's ghost (journeyman FoFi)
 31633 | Orc:2    | Killed Elystan's ghost
 31671 | Orc:2    | Found a roughly hewn altar of Beogh.
 31824 | Orc:2    | Found a roughly hewn altar of Beogh.
 32176 | Orc:2    | Killed an orc warlord
 32258 | Orc:2    | Found Elicw's Antique Weapon Emporium.
 32299 | Orc:2    | Found Elluasmo's Antique Armour Shoppe.
 32300 | Orc:2    | Found a roughly hewn altar of Beogh.
 32465 | Orc:2    | Bought a pair of distressingly furry boots for 285 gold pieces
 32476 | Orc:2    | Identified the +1 pair of boots of Indemnity {Dex+2} (You bought it in a shop on level 2 of the Orcish Mines)
 33153 | Spider:1 | Entered Level 1 of the Spider Nest
 33185 | Spider:1 | Reached XP level 15. HP: 100/100 MP: 29/29
 33391 | Spider:1 | Reached skill level 18 in Stealth
 35150 | Spider:2 | HP: 5/100 [entropy weaver (14)]
 35150 | Spider:2 | Mangled by an entropy weaver

Skill      XL: |  1  2  3  4  5  6  7  8  9 10 11 12 13 14 15 |
---------------+----------------------------------------------+-----
Short Blades   | 2 3 4 7 8 9 10 | 10.1
Stealth        | 5 6 7 8 9 11 14 15 17 18 | 18.3
Hexes          | 5 6 7 9 10 12 13 15 16 | 16.9
Spellcasting   | 3 4 5 7 8 9 10 11 | 11.0
Ice Magic      | 2 4 6 |  6.0
Armour         | 2 4 |  4.0
Necromancy     | 4 5 8 10 11 12 | 12.3
Fighting       | 2 4 |  4.2
Conjurations   | 2 4 |  4.0
Dodging        | |  2.1

Action                   |  1- 3 |  4- 6 |  7- 9 | 10-12 | 13-15 || total
-------------------------+-------+-------+-------+-------+-------++-------
Melee: Dagger            |   143 |   239 |   212 |   560 |   751 ||  1905
       Bite              |    11 |    17 |    22 |    59 |    72 ||   181
       Unarmed           |       |       |       |       |     8 ||     8
 Cast: Ensorcelled Hiber |    10 |    28 |    41 |   220 |   274 ||   573
       Corona            |       |     1 |     1 |     4 |    20 ||    26
       Confuse           |       |     2 |    18 |    74 |   128 ||   222
       Tukima's Dance    |       |       |     8 |     6 |    19 ||    33
       Dazzling Spray    |       |       |       |     1 |    16 ||    17
       Dispel Undead     |       |       |       |       |    12 ||    12
       Bolt of Draining  |       |       |       |       |    16 ||    16
       Invisibility      |       |       |       |       |     2 ||     2
       Corpse Rot        |       |       |       |       |     1 ||     1
 Abil: End Transformatio |     2 |     8 |    11 |    34 |    60 ||   115
       Bat Form          |     2 |     8 |    11 |    34 |    60 ||   115
  Use: Potion            |     1 |     1 |     1 |     3 |    16 ||    22
       Scroll            |       |       |     6 |     5 |     8 ||    19
 Stab: Sleeping          |    22 |    30 |    45 |   176 |   251 ||   524
       Confused          |       |     2 |    10 |    41 |    51 ||   104
       Distracted        |       |     1 |       |     1 |     3 ||     5
       Petrifying        |       |       |       |     1 |       ||     1
       Invisible         |       |       |       |       |     7 ||     7
  Eat: Corpse            |       |     4 |     2 |     8 |    10 ||    24
Armor: Robe              |    41 |    63 |     2 |       |    17 ||   123
       Leather armour    |       |       |    32 |    83 |   114 ||   229
Dodge: Dodged            |    82 |   137 |   112 |   211 |   356 ||   898
